 Dungeon Crawl Stone Soup version 0.20.1-1-g8b1a95d (webtiles) character file.

7 slep the Skirmisher (level 2, -1/25 HPs)
             Began as a Barachi Abyssal Knight on Oct 30, 2017.
             Was a Follower of Lugonu.
             Slain by a goblin
             ... wielding a +0 dagger
              (3 damage)
             ... on level 1 of the Dungeon.
             The game lasted 00:01:25 (138 turns).

slep the Skirmisher (Barachi Abyssal Knight)         Turns: 138, Time: 00:01:36

Health: -1/25      AC:  1    Str: 13    XL:     2   Next: 0%
Magic:  3/3        EV: 11    Int: 12    God:    Lugonu [*.....]
Gold:   8          SH:  0    Dex: 11    Spells: 1/1 levels left

rFire    . . .     SeeInvis .   a - +1 falchion
rCold    . . .     Gourm    .   (no shield)
rNeg     . . .     Faith    .   b - +0 leather armour
rPois    .         Spirit   .   (helmet restricted)
rElec    .         Reflect  .   (no cloak)
rCorr    .         Harm     .   (no gloves)
MR       .....                  (no boots)
Stlth    +.........             (no amulet)
Regen    0.1/turn               (no ring)
MPRegen  0.1/turn               (no ring)

@: lethally poisoned (-1 -> -5), slow
A: +LOS, swims, horns 1, blurry vision 1, deformed body, slowness 1, strong legs
1
a: Hop, Depart the Abyss, Renounce Religion


You were on level 1 of the Dungeon.
You worshipped Lugonu.
Lugonu was aware of your devotion.
You were not hungry.

You visited 1 branch of the dungeon, and saw 1 of its levels.
You visited the Abyss 1 time.

You collected 8 gold pieces.

Inventory:

Hand Weapons
 a - a +1 falchion (weapon)
Armour
 b - a +0 leather armour (worn)
Scrolls
 d - a scroll of remove curse {unknown}
 e - a scroll of identify {unknown}
Comestibles
 c - a bread ration


   Skills:
 + Level 4.1 Fighting
 + Level 2.4 Long Blades
 + Level 2.6 Armour
 + Level 1.1 Dodging
 + Level 1.6 Invocations


You had one spell level left.
You didn't know any spells.

Dungeon Overview and Level Annotations

Branches:
Dungeon (1/15)

Altars:


Innate Abilities, Weirdness & Mutations

Shadows flee at your approach. (+LOS)
You can swim through water.
You cover ground slowly.
You can hop short distances.
You have a pair of small horns on your head.
Scrolls take you a little longer to read.
Armour fits poorly on your strangely shaped body.


Message History

You hit the jackal.
You kill the jackal!
Lugonu accepts your kill.
You have reached level 2!
* * * LOW HITPOINT WARNING * * *
You feel sick. The goblin barely misses you.
It was a potion of mutation.
You feel extremely strange.
You feel agile.
Your feet thicken and deform.
The goblin hits you but does no damage.
You hit the goblin. You kick the goblin.
The goblin is severely wounded.
* * * LOW HITPOINT WARNING * * *
You feel sick. The goblin hits you but does no damage.
You feel extremely strange.
You feel clumsy.
Your hooves expand and flesh out into feet!
Your vision blurs.
Your body twists and deforms.
A pair of horns grows on your head! The goblin hits you with a dagger.
You die...

#. . #....> #..... .####
# #...#. #......###
#...... ..........
#..... .........
##.....#######..#.#.##.
.......†Kg@..........#.#
....##.s.###.#....####.#
+....[...#.......#.#
##....##.....# #.#.# #
#.......#..## #.#.# #
#.....#.#..# #.#.# ##
#.....#.#..####.#.###.
###+#...#.......#...∩.
#####.#####.#.###.


You could see a giant cockroach, a goblin and a kobold.

Vanquished Creatures
  4 jackals (D:1)
  A kobold (D:1)
  A rat (D:1)
6 creatures vanquished.

Notes
Turn   | Place    | Note
-------+----------+-------------------------------------------
     0 | Abyss:1  | slep the Barachi Abyssal Knight began the quest for the Orb.
     0 | Abyss:1  | Reached XP level 1. HP: 18/18 MP: 2/2
    58 | Abyss:1  | Noticed a lindwurm
    62 | D:1      | Escaped the Abyss
   121 | D:1      | Reached * piety under Lugonu
   130 | D:1      | Reached skill level 4 in Fighting
   135 | D:1      | Reached XP level 2. HP: 4/25 MP: 3/3
   136 | D:1      | Gained mutation: You are agile. (Dex +2) [potion of mutation]
   136 | D:1      | Gained mutation: You have large cloven feet. [potion of mutation]
   138 | D:1      | Lost mutation: You are agile. (Dex +2) [potion of mutation]
   138 | D:1      | Lost mutation: You have large cloven feet. [potion of mutation]
   138 | D:1      | Gained mutation: Scrolls take you a little longer to read. [potion of mutation]
   138 | D:1      | Gained mutation: Armour fits poorly on your strangely shaped body. [potion of mutation]
   138 | D:1      | Gained mutation: You have a pair of small horns on your head. [potion of mutation]
   138 | D:1      | Slain by a goblin

Skill      XL: |  1 |
---------------+----+-----
Fighting       | 4 |  4.1
Long Blades    | |  2.4
Armour         | |  2.6
Dodging        | |  1.1
Invocations    | |  1.6

Action                   || total
-------------------------++-------
Melee: Falchion          ||    23
       Kick              ||     1
Invok: Depart the Abyss  ||     1
  Use: Potion            ||     2
Armor: Leather armour    ||     7
Dodge: Dodged            ||    16
       Rpst.: Falchion   ||     3
